AoeStats
← Tchitchi d'Afflelou

Nomad

509638983Analyzed
4v4 RM · 6d ago on Sep 27, 2026· 42m 57s· 8 players
Game mode
Random Map
Map size
231×231
Population
200
Speed
Normal
Resources
Standard
Victory
Conquest
Starting age
Dark Age
Ending age
Imperial Age
RankedLock teamsTeams togetherTeam positionsShared explorationLock speedFull tech treeHidden civsTurbo modeCheats
Victory
Defeat
🇬🇧 Hindustanis · United Kingdom
1599
+13
🇪🇸 Malay · Spain
1447
+19
🇫🇷 Chinese · France
1443
+20
🇨🇭 Armenians · Switzerland
1428
+20
1537
-19
🇩🇪 Bulgarians · Germany
1529
-18
1528
-18
🇧🇷 Mongols · Brazil
1506
-17
PedrodeMatos
3:13 Loom
13:57 Feudal Age
14:40 Double-Bit Axe
15:28 Stone Mining
17:54 Castle Age
16:29 Gold Mining
16:23 Horse Collar
17:56 Fletching
19:17 Bow Saw
21:30 Town Watch
23:51 Bodkin Arrow
25:59 Wheelbarrow
27:39 Bloodlines
28:45 Hand Cart
33:31 Imperial Age
34:25 Bracer
34:57 Ballistics
36:38 Chemistry
36:02 Thumb Ring
36:47 Elite Mangudai
40:32 Padded Archer Armor
Sl4v0n
4:28 Loom
13:05 Feudal Age
16:44 Castle Age
18:15 Fishing Lines
18:34 Double-Bit Axe
20:47 Horse Collar
22:24 Forging
24:12 Scale Barding Armor
25:08 Bloodlines
28:09 Iron Casting
28:50 Chain Barding Armor
29:55 Husbandry
36:07 Imperial Age
34:14 Wheelbarrow
36:11 Cavalier
37:28 Plate Barding Armor
37:16 Hand Cart
36:46 Town Watch
39:55 Blast Furnace
39:48 Squires
40:00 Stirrups
40:27 Conscription
39:55 Gambesons
40:13 Scale Mail Armor
39:57 Pikeman
41:51 Bagains
42:10 Chain Mail Armor
41:44 Capped Ram
43:19 Plate Mail Armor
弩炮射不穿她的心
5:56 Loom
14:15 Feudal Age
19:31 Castle Age
22:27 Fletching
29:44 Bodkin Arrow
30:34 Bodkin Arrow
31:08 Padded Archer Armor
36:00 Bloodlines
35:51 Husbandry
40:55 Thumb Ring
冲车撞不开她心墙
13:37 Feudal Age
12:31 Loom
15:49 Double-Bit Axe
18:36 Castle Age
16:41 Gold Mining
16:36 Horse Collar
17:29 Fishing Lines
18:05 Bloodlines
19:33 Scale Barding Armor
19:39 Forging
22:17 Bow Saw
22:27 Forging
24:37 Wheelbarrow
24:59 Iron Casting
30:47 Fletching
35:22 Bodkin Arrow
43:58 Imperial Age
TheJenonator
5:14 Loom
12:54 Feudal Age
17:25 Castle Age
15:36 Fishing Lines
18:14 Gillnets
19:43 Scale Mail Armor
20:40 Double-Bit Axe
23:39 Chain Mail Armor
26:33 Wheelbarrow
30:03 Squires
29:48 Arson
30:05 Gold Mining
31:51 Medium Warships
34:42 Imperial Age
32:43 Bow Saw
34:56 Forging
34:51 Scale Barding Armor
35:48 Heavy Camel Rider
40:30 Chain Barding Armor
40:20 Forging
40:22 Bloodlines
40:41 Husbandry
43:31 Plate Barding Armor
lorddoc
4:23 Loom
13:42 Feudal Age
18:00 Castle Age
16:59 Double-Bit Axe
20:50 Fletching
21:01 Padded Archer Armor
21:32 Bodkin Arrow
22:58 Leather Archer Armor
25:42 Ballistics
28:46 Horse Collar
33:55 Wheelbarrow
36:49 Imperial Age
36:52 Capped Ram
37:58 Conscription
37:48 Bracer
38:18 Ring Archer Armor
37:52 Elite Composite Bowman
39:10 Ring Archer Armor
Tchitchi d'Afflelou
2:57 Loom
16:08 Feudal Age
16:53 Town Watch
17:28 Man-at-Arms
17:54 Arson
18:19 Double-Bit Axe
18:48 Forging
18:38 Scale Mail Armor
18:45 Fishing Lines
19:15 Horse Collar
27:29 Castle Age
28:34 Squires
27:55 Long Swordsman
28:41 Fletching
28:51 Padded Archer Armor
28:41 Fletching
28:51 Padded Archer Armor
29:07 Chain Mail Armor
28:35 Pikeman
29:21 Gold Mining
30:41 Gold Shaft Mining
33:03 Wheelbarrow
37:15 Imperial Age
35:58 Iron Casting
37:59 Capped Ram
39:07 Halberdier
40:23 Plate Mail Armor
39:21 Siege Ram
39:37 Siege Ram
41:29 Stone Mining
41:52 Bow Saw
ePsilon
4:26 Loom
12:41 Feudal Age
13:33 Double-Bit Axe
21:12 Castle Age
19:42 Horse Collar
21:10 Medium Warships
22:31 Pikeman
24:35 Wheelbarrow
24:52 Bow Saw
25:38 Fishing Lines
26:06 Gold Mining
26:21 Heavy Plow
27:20 Stone Mining
28:40 Gold Shaft Mining
28:24 Town Watch
30:43 Stone Shaft Mining
30:55 Hand Cart
31:46 Forging
34:31 Imperial Age
34:15 Iron Casting
33:45 Squires
33:24 Elite Karambit Warrior
35:04 Conscription
36:33 Blast Furnace
38:22 Fletching
39:15 Bodkin Arrow
Connection lost

Rejoining the realm…

Still unreachable

The connection could not be restored.

Session expired

The server has moved on; the page needs a fresh start.